 Dungeon Crawl Stone Soup version 0.20.1 (webtiles) character file.

58 KleinerIrrer the Insei (level 4, 0/28 HPs)
             Began as an Octopode Transmuter on July 2, 2017.
             Slain by an adder (2 damage)
             ... on level 3 of the Dungeon.
             The game lasted 00:02:21 (1676 turns).

KleinerIrrer the Insei (Octopode Transmuter)        Turns: 1676, Time: 00:02:21

Health: 0/28       AC:  1    Str:  8 (9)  XL:     4   Next: 1%
Magic:  7/7        EV: 13    Int: 14 (15) God:
Gold:   93         SH:  0    Dex: 12 (15) Spells: 4/7 levels left

rFire    + . .     SeeInvis .     - Unarmed
rCold    . . .     Gourm    .   (no shield)
rNeg     . . .     Faith    .   (helmet restricted)
rPois    .         Spirit   .   (no amulet)
rElec    .         Reflect  .   (no ring)
rCorr    .         Harm     .   (no ring)
MR       .....     Rnd*Rage +   (no ring)
Stlth    ++........             (no ring)
Regen    0.1/turn               (no ring)
MPRegen  0.1/turn               (no ring)
                                (no ring)
                                (no ring)

@: lethally poisoned (0 -> -7)
A: almost no armour, stealthy swim, amphibious, 8 rings, constrict 8, tentacle
spike 1, camouflage 1, agile 1, berserk 1, fire resistance 1, gelatinous body 1
a: no special abilities


You were on level 3 of the Dungeon.
You were very hungry.

You visited 1 branch of the dungeon, and saw 3 of its levels.

You collected 93 gold pieces.

Inventory:

Missiles
 a - 12 arrows
Scrolls
 g - 2 scrolls of magic mapping
 h - a scroll of blinking {unknown}
 k - a scroll of identify {unknown}
 n - 2 scrolls of enchant weapon {unknown}
 p - 2 scrolls of teleportation {unknown}
Potions
 d - a potion of might {unknown}
 e - a potion of ambrosia {unknown}
 i - a potion of cancellation {unknown}
 m - a potion of mutation
Books
 b - a book of Changes

   Spells                             Type                      Level
   a - Beastly Appendage              Transmutation                1
   b - Sticks to Snakes               Transmutation                2
   c - Spider Form                    Transmutation/Poison         3
   d - Ice Form                       Ice/Transmutation            4
   e - Blade Hands                    Transmutation                5
Comestibles
 c - a bread ration
 f - 6 fruits
 l - a meat ration
 o - a royal jelly


   Skills:
 + Level 1.3 Fighting
 + Level 2.4 Dodging
 + Level 3.8 Unarmed Combat
 + Level 2.2 Spellcasting
 + Level 2.5 Transmutations


You had 4 spell levels left.
You knew the following spells:

 Your Spells              Type           Power        Failure   Level  Hunger
a - Beastly Appendage     Tmut           #.....       9%          1    #......
b - Sticks to Snakes      Tmut           #.......     12%         2    ###....


Dungeon Overview and Level Annotations

Branches:
Dungeon (3/15)

Altars:
The Shining One


Innate Abilities, Weirdness & Mutations

You cannot wear most types of armour.
You are very stealthy in the water. (Stealth+)
You are amphibious.
You can wear up to eight rings at the same time.
You can use your tentacles to constrict eight enemies at once.
Your skin changes colour to match your surroundings (Stealth+).
Your rubbery body absorbs attacks. (AC +1, EV +1)
One of your tentacles bears a spike.
You are agile. (Dex +2)
You tend to lose your temper in combat.
Your flesh is heat resistant. (rF+)


Message History

The adder misses you.
* * * LOW HITPOINT WARNING * * *
You feel sick.
* * * LOW HITPOINT WARNING * * *
You feel sick.
You see here a club.
* * * LOW HITPOINT WARNING * * *
You feel sick. The adder closely misses you.
* * * LOW HITPOINT WARNING * * *
You feel sick.
It was a potion of mutation.
You feel extremely strange.
You feel resistant to heat.
You feel a little pissed off.
You feel agile.
One of your lower tentacles grows a sharp spike.
The adder barely misses you.
It was a potion of degeneration.
There was something very wrong with that liquid.
You feel weakened.
You feel dopey.
You feel clumsy.
* * * LOW HITPOINT WARNING * * *
You feel sick. The adder bites you.
You die...

** *, ****####* *, *,,,,...* *,
*****.#####.##### ****,
*,,,,......ogS@<# *,,,,
***,*,#.#...o#### *,***
*,***,#....# ******,* *,*
*,#....#********,,,,,,**
**,***,#..))..>....,,,,,,,,,**
*,,,**,#....##.....,,,,,,,,,,,
****,,,**,+....',*.###*,_,,**,,**
*,,,,,,,**#....#,*,# *,,,,**,,**
*,,,,,,,*,......,,,* *,**,**,,,*


You could see an adder, 2 orcs and a goblin.

Vanquished Creatures
  2 adders (D:2)
  A dart slug (D:1)
  A leopard gecko (D:2)
  2 orcs (D:3)
  3 ball pythons
  3 bats (D:1)
  2 giant cockroaches
  3 goblins (D:1)
  5 hobgoblins
  3 kobolds
  2 frilled lizards
  4 rats (D:1)
31 creatures vanquished.

Notes
Turn   | Place    | Note
-------+----------+-------------------------------------------
     0 | D:1      | KleinerIrrer the Octopode Transmuter began the quest for the Orb.
     0 | D:1      | Reached XP level 1. HP: 13/13 MP: 3/3
   412 | D:1      | Reached XP level 2. HP: 18/18 MP: 5/5
   893 | D:2      | Reached XP level 3. HP: 22/23 MP: 6/6
   929 | D:2      | Found a glowing golden altar of the Shining One.
   992 | D:2      | Learned a level 2 spell: Sticks to Snakes
  1668 | D:3      | Reached XP level 4. HP: 19/28 MP: 7/7
  1675 | D:3      | Gained mutation: Your flesh is heat resistant. (rF+) [potion of mutation]
  1675 | D:3      | Gained mutation: You tend to lose your temper in combat. [potion of mutation]
  1675 | D:3      | Gained mutation: You are agile. (Dex +2) [potion of mutation]
  1675 | D:3      | Gained mutation: One of your tentacles bears a spike. [potion of mutation]
  1676 | D:3      | Slain by an adder

Action                   |  1- 3 |  4- 6 || total
-------------------------+-------+-------++-------
Melee: Unarmed           |    64 |     2 ||    66
       Constrict         |    17 |       ||    17
       Tentacles         |    11 |       ||    11
  Use: Scroll            |     1 |       ||     1
       Potion            |       |     2 ||     2
 Stab: Sleeping          |     8 |       ||     8
  Eat: Chunk             |     1 |       ||     1
Armor: Skin              |     4 |       ||     4
Dodge: Dodged            |    31 |     5 ||    36
